 Dungeon Crawl Stone Soup version 0.28-a0-1510-gd0f6b136d3 (webtiles) character file.

Game seed: 17047822257464826533

127 croobank the Caller (level 5, -5/31 HPs)
             Began as an Octopode Summoner on Jan 16, 2022.
             Killed by divine providence
             ... invoked by an orc priest
              (13 damage)
             ... on level 3 of the Dungeon.
             The game lasted 00:08:31 (2759 turns).

croobank the Caller (Octopode Summoner)             Turns: 2759, Time: 00:08:32

Health: -5/31      AC:  1    Str:  9    XL:     5   Next: 11%
Magic:  2/9        EV: 13    Int: 17    God:
Gold:   125        SH:  0    Dex: 13    Spells: 0/9 levels left

rFire   + . .      SeeInvis .   p - +12 whip of Valour {venom, *Rage rElec rF+}
rCold   . . .      Faith    .   (no shield)
rNeg    . . .      Spirit   .   (helmet restricted)
rPois   .          Reflect  .   (no amulet)
rElec   +          Harm     .   (no ring)
rCorr   .          Rampage  .   (no ring)
Will    .....      Rage     20% (no ring)
Stlth   ++++......              (no ring)
HPRegen 0.10/turn               (no ring)
MPRegen 0.11/turn               (no ring)
                                (no ring)
                                (no ring)

@: mighty
A: almost no armour, amphibious, 8 rings, camouflage 1, gelatinous body 1,
(nimble swimmer 1), tentacles
a: no special abilities


You were on level 3 of the Dungeon.
You visited 1 branch of the dungeon, and saw 4 of its levels.

You collected 125 gold pieces.

Inventory:

Hand Weapons
 a - a +1 dagger of venom
 p - the +12 whip of Valour (weapon) {venom, *Rage rElec rF+}
   (You found it on level 2 of the Dungeon)

   It poisons the flesh of those it strikes.
   rF:        It protects you from fire.
   rElec:     It insulates you from electricity.
   *Rage:     It berserks you when you make melee attacks (+20% chance).
Missiles
 c - 44 arrows
 d - 100 stones
 h - 3 atropa-tipped darts
 m - 2 throwing nets
 n - 19 sling bullets
Scrolls
 b - a scroll of enchant armour {unknown}
 e - 2 scrolls of identify {unknown}
 g - 3 scrolls of noise {unknown}
 i - a scroll of fear {unknown}
 j - a scroll of enchant weapon {unknown}
Potions
 f - a potion of might
 k - a potion of haste {unknown}
 l - a potion of heal wounds {unknown}
 o - a potion of attraction {unknown}
 q - 2 potions of curing {unknown}
 r - a potion of brilliance {unknown}
 s - a potion of degeneration {unknown}


   Skills:
 + Level 1.0 Maces & Flails
 + Level 2.9 Dodging
 + Level 4.2 Stealth
 + Level 2.8 Spellcasting
 + Level 4.6 Summonings


You couldn't memorise any spells.
You knew the following spells:

 Your Spells              Type           Power      Damage    Failure   Level
a - Summon Small Mammal   Summ           72%        N/A       2%          1
b - Call Imp              Summ           18%        N/A       4%          2
c - Call Canine Familiar  Summ           18%        N/A       9%          3
d - Summon Guardian Gole  Hex/Summ       10%        N/A       21%         3

Your spell library contained the following spells:

 Spells                   Type           Power      Damage    Failure   Level
 Blink                    Tloc           4%         N/A       26%         2
 Lesser Beckoning         Tloc           2%         N/A       47%         3
 Summon Lightning Spire   Summ/Air       10%        N/A       56%         4
 Manifold Assault         Tloc           2%         N/A       99%         5


Dungeon Overview and Level Annotations

Branches:
Dungeon (4/15)
 Temple: D:4-7

Altars:
Okawaru


Innate Abilities, Weirdness & Mutations

You cannot wear most types of armour.
You are amphibious.
You can wear up to eight rings at the same time.
Your skin changes colour to match your surroundings (Stealth+).
Your rubbery body absorbs attacks. (AC +1, EV +1)
((You are camouflaged when in or above water. (Stealth+)))
You have tentacles for arms and can constrict up to eight enemies at once.


Message History

Aim: an orc, wielding a +0 club (ally target) Attack!
The orc hits your guardian golem but does no damage.
The orc hits your guardian golem with a +0 club.
Flame seeps out of your guardian golem.
Your guardian golem is engulfed in blazing flames.
Flame seeps out of your guardian golem.
The orc hits your guardian golem but does no damage.
Your hound disappears in a puff of smoke!
The orc hits your guardian golem with a +0 club.
Flame seeps out of your guardian golem.
The orc throws a silver boomerang.
The silver boomerang barely misses your guardian golem.
The silver boomerang hits you.
Your guardian golem is engulfed in blazing flames.
Your guardian golem disappears in a puff of smoke!
Your guardian golem explodes!
The fiery explosion engulfs the orc!!
The orc dies!
The fiery explosion engulfs the orc!!
The orc dies!
There is a stone staircase leading down here.
The orc priest casts a cantrip, but nothing happens.
You climb downwards.
Found 15 gold pieces, a hunting sling and a sharpened wooden wand.
Found a stone staircase leading down.
There is a stone staircase leading up here.
Okay, then.
The orc wizard shouts!
The hobgoblin shouts!
The orc wizard shouts!
The orc shouts!
The kobold shouts!
The orc wizard points at you and mumbles some strange words.
The puff of flame hits you. You resist.
The orc wizard hits you with a +0 dagger.
* * * LOW HITPOINT WARNING * * *
You climb upwards.
There is a stone staircase leading down here.
It was a potion of might.
You feel very mighty all of a sudden.
The orc priest invokes the aid of Beogh against you.
Beogh smites you!
You die...

######## ####
#....... .w.
#####....... #.#
#.....#####.
#######.#####.###.#
#.
#.......o..og(.##.#
#.
.#####@#####).##.#
#. #.# #..##.# ##
#......h9##.# #
########o##.# ##
#o##.#####.


oog ...... ... .####. ...# ## ##.## # You could see an orc priest, a dart slug
(wandering), an orc and a goblin (wandering).

Vanquished Creatures
  Jessica (D:3)
  4 adders
  A worm (D:2)
  5 ball pythons
  2 endoplasms
  A giant cockroach (D:1)
  2 goblins
  6 hobgoblins
  2 jackals (D:2)
  3 kobolds
  3 quokkas
  5 bats
  2 frilled lizards
  4 rats
41 creatures vanquished.

Vanquished Creatures (collateral kills)
  A dart slug (D:2)
  2 ball pythons
  A hobgoblin (D:2)
  2 jackals (D:2)
  A quokka (D:1)
  2 goblins (D:1)
  A kobold (D:2)
  A rat (D:1)
11 creatures vanquished.

Vanquished Creatures (others)
  2 orcs (D:3)
2 creatures vanquished.

Grand Total: 54 creatures vanquished

Notes
Turn   | Place    | Note
-------+----------+-------------------------------------------
     0 | D:1      | croobank the Octopode Summoner began the quest for the Orb.
     0 | D:1      | Reached XP level 1. HP: 11/11 MP: 3/3
   194 | D:1      | Reached XP level 2. HP: 17/17 MP: 5/5
   203 | D:1      | Learned a level 2 spell: Call Imp
   229 | D:1      | Found a faded altar of an unknown god.
   973 | D:1      | Reached XP level 3. HP: 21/21 MP: 1/6
  1724 | D:2      | Identified the +12 whip of Valour {venom, *Rage rElec rF+}
  1733 | D:2      | Learned a level 3 spell: Call Canine Familiar
  2281 | D:3      | Reached XP level 4. HP: 27/27 MP: 7/7
  2283 | D:3      | Noticed Jessica
  2287 | D:3      | Killed Jessica
  2511 | D:3      | Reached XP level 5. HP: 31/31 MP: 9/9
  2623 | D:3      | Reached skill level 1 in Maces & Flails
  2674 | D:3      | Found an iron altar of Okawaru.
  2705 | D:3      | Learned a level 3 spell: Summon Guardian Golem
  2756 | D:4      | Noticed a necrophage
  2759 | D:3      | Killed from afar by an orc priest

Illustrated notes

Levels and vault maps discovered:
D:1:      matt_arrival_diagonals, layout_loops_corners, basic_ecumenical_altar
D:2:      layout_loops_ring, serial_aquarium, aquarium_bridge_long_joined
          [aquarium_subvault_bridge, aquarium_subvault_bridge,
          aquarium_subvault_bridge, aquarium_subvault_balcony,
          aquarium_subvault_wall, aquarium_subvault_wall], aquarium_window_3,
          aquarium_window_1, aquarium_window_1, aquarium_window_corner,
          aquarium_view_2f, aquarium_balcony_3b
D:3:      layout_loops_ring, nicolae_overflow_hidden_temple, uniq_jessica,
          uniq_robin
D:4:      layout_rooms, fedhas_altar_fruit_tree, minitemple, uniq_edmund

Skill      XL: |  1  2  3  4  5 |
---------------+----------------+-----
Stealth        | 3 4 |  4.2
Maces & Flails | 1 |  1.0
Dodging        | |  2.9
Spellcasting   | |  2.8
Summonings     | |  4.6

Action                   |  1- 3 |  4- 6 || total
-------------------------+-------+-------++-------
Melee: Unarmed           |    18 |       ||    18
       Constrict         |    19 |     5 ||    24
       Punch             |     2 |       ||     2
       Tentacles         |    11 |     4 ||    15
       Dagger            |    33 |       ||    33
       Whip              |     6 |    18 ||    24
 Cast: Summon Small Mamm |    16 |     2 ||    18
       Call Imp          |     4 |     1 ||     5
       Call Canine Famil |     1 |     1 ||     2
       Summon Guardian G |       |     1 ||     1
  Use: Potion            |       |     1 ||     1
 Stab: Sleeping          |    10 |     4 ||    14
Armor: Skin              |     6 |     1 ||     7
Dodge: Dodged            |    29 |     8 ||    37

Table legend: (Time is in decaauts)
 A = Elapsed time spent in this place.
 B = Non-inter-level travel time spent in this place.
 C = Inter-level travel time spent in this place.
 D = Time resting spent in this place.
 E = Time spent auto-exploring this place.
 F = Levels seen in this place.
 G = Mean time per level.
                   A        B        C        D        E       F      G
               +--------+--------+--------+--------+--------+-----+--------+
         Total |   2793 |   2743 |     50 |      0 |   2181 |   4 |  698.2 |
       Dungeon |   2793 |   2743 |     50 |      0 |   2181 |   4 |  698.2 |
               +--------+--------+--------+--------+--------+-----+--------+

Top non-repeatable levels by time:
     D:1: 1180 daAuts
     D:2: 1093 daAuts
     D:3: 517 daAuts
     D:4: 1 daAuts
